AoeStats
← Katu

Arabia

510650405Analyzed
1v1 RM · 22h ago on Oct 2, 2026· 48m 32s· 2 players
Game mode
Random Map
Map size
Tiny (2 player)
Population
200
Speed
Normal
Resources
Standard
Victory
Conquest
Starting age
Dark Age
Ending age
Imperial Age
RankedLock teamsTeams togetherTeam positionsShared explorationLock speedFull tech treeHidden civsTurbo modeCheats
Victory
Defeat
🇧🇷 Bengalis · Brazil
380
+14
🇨🇱 Franks · Chile
327
-14
Katu
8:46 Loom
14:37 Feudal Age
15:53 Wheelbarrow
15:21 Double-Bit Axe
17:18 Gold Mining
22:38 Forging
27:15 Castle Age
26:59 Stone Mining
28:18 Hand Cart
29:23 Iron Casting
34:21 Pikeman
34:36 Elite Skirmisher
40:01 Gold Shaft Mining
39:44 Padded Archer Armor
39:35 Fletching
43:44 Imperial Age
42:14 Bodkin Arrow
42:35 Leather Archer Armor
44:08 Bow Saw
44:13 Town Watch
47:10 Chemistry
diasherrera2
12:21 Feudal Age
13:45 Wheelbarrow
12:55 Town Watch
13:01 Double-Bit Axe
13:00 Horse Collar
20:01 Gold Mining
22:01 Stone Mining
24:27 Castle Age
23:37 Forging
23:28 Scale Mail Armor
23:30 Padded Archer Armor
25:33 Bow Saw
25:28 Heavy Plow
28:14 Gold Shaft Mining
29:56 Hand Cart
31:13 Scale Barding Armor
33:55 Herbal Medicine
35:16 Iron Casting
34:57 Chain Mail Armor
35:04 Chain Barding Armor
34:49 Fletching
35:21 Leather Archer Armor
37:07 Husbandry
37:18 Bloodlines
36:28 Light Cavalry
37:41 Guard Tower
37:48 Murder Holes
38:14 Ballistics
38:15 Town Patrol
38:01 Loom
38:54 Arson
39:10 Squires
38:56 Gambesons
39:50 Coinage
41:59 Imperial Age
39:51 Paiks
40:10 Heated Shot
39:45 Elite Skirmisher
40:36 Bodkin Arrow
43:33 Conscription
43:34 Mahayana
43:58 Elite Ratha (Ranged)
44:25 Man-at-Arms
45:41 Pikeman
47:33 Elite Elephant Archer
Connection lost

Rejoining the realm…

Still unreachable

The connection could not be restored.

Session expired

The server has moved on; the page needs a fresh start.